AoeStats
← Fazzz7z

Arabia

507254940Analyzed
2v2 RM · 16d ago on Sep 17, 2026· 27m 8s· 4 players
Game mode
Random Map
Map size
Medium (4 player)
Population
200
Speed
Normal
Resources
Standard
Victory
Conquest
Starting age
Dark Age
Ending age
Imperial Age
RankedLock teamsTeams togetherTeam positionsShared explorationLock speedFull tech treeHidden civsTurbo modeCheats
Victory
Defeat
🇬🇧 Chinese · United Kingdom
1448
+17
🇩🇪 Franks · Germany
1403
+19
🇩🇪 Shu · Germany
1464
-18
🇩🇪 Mapuche · Germany
1462
-18
Bobo
3:50 Loom
10:52 Feudal Age
11:32 Double-Bit Axe
17:27 Scale Barding Armor
19:42 Wheelbarrow
19:55 Forging
23:47 Castle Age
24:53 Chain Barding Armor
23:54 Light Cavalry
24:35 Husbandry
25:16 Bow Saw
27:43 Iron Casting
Fazzz7z
0:25 Loom
9:33 Feudal Age
9:59 Double-Bit Axe
10:13 Horse Collar
14:07 Fletching
21:04 Castle Age
19:43 Padded Archer Armor
19:45 Gold Mining
22:11 Wheelbarrow
21:13 Crossbowman
21:54 Bodkin Arrow
27:56 Gold Shaft Mining
bewoms
3:29 Loom
10:41 Feudal Age
11:33 Double-Bit Axe
15:16 Fletching
21:40 Castle Age
20:11 Gold Mining
22:18 Wheelbarrow
22:15 Bodkin Arrow
21:41 Crossbowman
23:58 Ballistics
26:31 Bow Saw
26:59 Gold Shaft Mining
Bummskopp7689
5:16 Loom
9:21 Feudal Age
9:58 Double-Bit Axe
14:02 Horse Collar
17:28 Arson
17:37 Gold Mining
24:55 Castle Age
23:01 Arson
24:58 Fletching
26:22 Gold Shaft Mining
25:47 Bodkin Arrow
Connection lost

Rejoining the realm…

Still unreachable

The connection could not be restored.

Session expired

The server has moved on; the page needs a fresh start.